 Dungeon Crawl Stone Soup version 0.21.0-24-g2553a33 (webtiles) character file.

23 Gorglomux the Digger (level 3, 0/23 HPs)
             Began as a Halfling Earth Elementalist on Jan 20, 2018.
             Slain by a goblin (3 damage)
             ... on level 1 of the Dungeon.
             The game lasted 00:01:05 (643 turns).

Gorglomux the Digger (Halfling Earth Elementalist)   Turns: 643, Time: 00:01:06

Health: 0/23       AC:  2    Str: 10    XL:     3   Next: 10%
Magic:  0/5        EV: 15    Int: 13    God:
Gold:   37         SH:  0    Dex: 14    Spells: 4/5 levels left

rFire    . . .     SeeInvis .   g - +0 dagger
rCold    . . .     Gourm    .   (shield restricted)
rNeg     . . .     Faith    .   c - +0 robe
rPois    .         Spirit   .   (no helmet)
rElec    .         Reflect  .   (no cloak)
rCorr    .         Harm     .   (no gloves)
MR       .....                  (no boots)
Stlth    ++........             (no amulet)
HPRegen  0.07/turn              (no ring)
MPRegen  0.09/turn              (no ring)

@: very slightly contaminated
A: small, mutation resistance 1
a: no special abilities


You were on level 1 of the Dungeon.
You were not hungry.

You visited 1 branch of the dungeon, and saw 1 of its levels.

You collected 37 gold pieces.

Inventory:

Hand Weapons
 g - a +0 dagger (weapon)
Missiles
 b - 18 stones (quivered)
Armour
 c - a +0 robe (worn)
Scrolls
 h - a scroll of teleportation {unknown}
 i - 2 scrolls of remove curse {unknown}
 j - a scroll of noise {unknown}
 l - a scroll of identify {unknown}
Potions
 k - a potion of brilliance {unknown}
Books
 e - a book of Geomancy

   Spells                             Type                      Level
   a - Sandblast                      Earth                        1
   b - Passwall                       Transmutation/Earth          2
   c - Stone Arrow                    Conjuration/Earth            3
   d - Petrify                        Transmutation/Earth          4
   e - Lee's Rapid Deconstruction     Earth                        5
Comestibles
 d - a ration
 f - 5 chunks of flesh


   Skills:
 + Level 1.1 Fighting
 + Level 1.4 Armour
 + Level 2.7 Dodging
 - Level 2.1 Stealth
 - Level 1.5 Spellcasting
   Level 0.5 Transmutations
 - Level 3.0 Earth Magic


You had 4 spell levels left.
You knew the following spells:

 Your Spells              Type           Power        Failure   Level  Hunger
a - Sandblast             Erth           #.....       8%          1    ##.....


Dungeon Overview and Level Annotations

Branches:
Dungeon (1/15)

Altars:


Innate Abilities, Weirdness & Mutations

You are small and have problems with some larger weapons.
You are somewhat resistant to further mutation.


Message History

The goblin hits you! * * * don't die
* * * You miss the goblin!
The goblin is severely wounded!
The goblin barely misses you!
You barely miss the goblin!
The goblin is severely wounded!
The goblin hits butt! * * * don't die
* * * The goblin misses you!
You see here a bat corpse!
Butt: Sandblast
Confirm with ! or Enter, or press ? or * to list butt spells!
Aiming: Sandblast
Press: ? - help, Shift-Dir - straight line, f/p - goblin
Aim: a goblin (heavily wounded)
You miscast Sandblast!
You are very lightly butt with residual magic!
Your feet feel warm!
The goblin hits you! rip

#.##.#####.......#########.......
#.##....)...###...## ########
#.########..##.....########## #.#
#..##.........)..... #.#
#..##.........#### #.#
#..###...####.######(# ...# ##.##
#.......... ##.# #.## #...).#####
.# #@.# #.....# #g.###.....#
#.......(..# ##.##.###### ####
#.##.# ###... #†##.# ##..###
...####.##.# ##.### ...........#
#.## g....##.##.# #.#


You could see a goblin.

Vanquished Creatures
  A dart slug (D:1)
  2 leopard geckos (D:1)
  3 bats (D:1)
  2 giant cockroaches (D:1)
  2 goblins (D:1)
  3 hobgoblins (D:1)
  A kobold (D:1)
  A frilled lizard (D:1)
  A rat (D:1)
16 creatures vanquished.

Notes
Turn   | Place    | Note
-------+----------+-------------------------------------------
     0 | D:1      | Gorglomux the Halfling Earth Elementalist began the quest for the Orb.
     0 | D:1      | Reached XP level 1. HP: 11/11 MP: 3/3
   224 | D:1      | Reached XP level 2. HP: 13/18 MP: 4/4
   347 | D:1      | Reached skill level 1 in Armour
   609 | D:1      | Reached skill level 1 in Fighting
   630 | D:1      | Reached XP level 3. HP: 9/23 MP: 3/5
   643 | D:1      | Slain by a goblin

Skill      XL: |  1  2 |
---------------+-------+-----
Armour         | 1 |  1.4
Fighting       | 1 |  1.1
Dodging        | |  2.7
Stealth        | |  2.1
Spellcasting   | |  1.5
Transmutations | |  0.5
Earth Magic    | |  3.0

Action                   || total
-------------------------++-------
Melee: Dagger            ||    64
 Cast: Sandblast         ||    12
 Stab: Sleeping          ||     4
Armor: Robe              ||    15
Dodge: Dodged            ||    60
